 Dungeon Crawl Stone Soup version 0.31-a0-267-g3fc6992b3b (webtiles) character file.

Game seed: 9868558633669138169

0 AIAndy the Changeling (level 1, -1/16 HPs)
             Began as a Demonspawn Shapeshifter on July 13, 2023.
             Slain by a ball python (3 damage)
             ... on level 1 of the Dungeon.
             The game lasted 00:01:30 (16 turns).

AIAndy the Changeling (Demonspawn Shapeshifter)       Turns: 16, Time: 00:01:31

Health: -1/16      AC:  2    Str: 15    XL:     1   Next: 8%
Magic:  1/1        EV: 12    Int:  9    God:
Gold:   13         SH:  0    Dex: 13    Spells: 0/0 levels left

rFire   . .          .
                       - Unarmed
rCold   . . .        (no shield)
rNeg    . . .        a - +0 animal skin
rPois   .            (no helmet)
rElec   .            (no cloak)
rCorr   .            (no gloves)
SInv    .            (no boots)
Will    .....        (no amulet)
Stlth   +            (no ring)
HPRegen 0.22/turn    (no ring)
MPRegen 0.07/turn

%: no passive effects
@: no status effects
A: no striking features
a: no special abilities


You were on level 1 of the Dungeon.
You visited 1 branch of the dungeon, and saw 1 of its levels.

You collected 13 gold pieces.


   Skills:
 - Level 2.0 Fighting
 - Level 1.7 Dodging
 + Level 1.8 Unarmed Combat
 + Level 2.7 Shapeshifting


You couldn't memorise any spells.
You didn't know any spells.
Your spell library was empty.

Inventory:

Armour
 a - a +0 animal skin (worn)
Talismans
 c - a beast talisman
Potions
 b - a potion of lignification {!q}

Dungeon Overview and Level Annotations

Branches:
Dungeon (1/15)

Altars:

##... ...... ....
...▓. .~
#....≈...▓..~..▓...~
#.....~..▓..~.. ..~.
#......~..▓.~.▓..~..
#...▓...~.▓.~.▓.~...
#....▓▓..~.▓.▓.≈..▓
#...@S.▓▓.~...~.▓ .
##..g....▓.....▓....
#.~~~~≈~...<...~~~~
#.......▓.....▓....
#.....▓▓.~...~.▓ .
#...▓▓..~.▓.▓.~..▓
....▓...~.▓.~.▓.~...
#.......~..▓.~.▓..~..
#......~..▓..~..▓..~.


You could see a hobgoblin and a ball python.


Message History

A hobgoblin comes into view.
There are monsters nearby!
Still begin transforming?
The hobgoblin shouts!
The ball python bites you but does no damage.
Keep transforming yourself?
The ball python barely misses you. The ball python misses you.
The ball python grabs you. The ball python constricts you.
The ball python bites you. The ball python constricts you.
The ball python bites you. The ball python constricts you.
The frilled lizard bites you but does no damage.
Your transformation has ended.
The ball python closely misses you. The ball python constricts you.
The frilled lizard hisses.
The frilled lizard bites you but does no damage.
You miss the frilled lizard. The ball python barely misses you.
The ball python constricts you.
The frilled lizard bites you but does no damage.
You hit the frilled lizard.
You kill the frilled lizard!
The ball python barely misses you. The ball python constricts you.
The hobgoblin hits you.
* * * LOW HITPOINT WARNING * * *
The ball python closely misses you. The ball python constricts you.
You escape the ball python's grasp.
The hobgoblin hits you.
* * * LOW HITPOINT WARNING * * *
You see here a frilled lizard corpse.
You closely miss the hobgoblin. The ball python bites you.
You die...

Action                     || total
---------------------------++-------
  Melee: Unarmed           ||     3
 Armour: Animal skin       ||     4
  Dodge: Dodged            ||     6
         Form:             ||     1

Levels and vault maps discovered:
D:1:      minmay_arrival_radiant_lines, layout_loops_corners

Notes
Turn   | Place    | Note
-------+----------+-------------------------------------------
     0 | D:1      | AIAndy the Demonspawn Shapeshifter began the quest for the
                  | Orb.
     0 | D:1      | Reached XP level 1. HP: 16/16 MP: 1/1
    16 | D:1      | Slain by a ball python

Vanquished Creatures
  A frilled lizard (D:1)
1 creature vanquished.

Table legend: (Time is in decaauts)
 A = Elapsed time spent in this place.
 B = Non-inter-level travel time spent in this place.
 C = Inter-level travel time spent in this place.
 D = Time resting spent in this place.
 E = Time spent auto-exploring this place.
 F = Levels seen in this place.
 G = Mean time per level.
                   A        B        C        D        E       F      G
               +--------+--------+--------+--------+--------+-----+--------+
         Total |     16 |     16 |      0 |      0 |      4 |   1 |   16.0 |
       Dungeon |     16 |     16 |      0 |      0 |      4 |   1 |   16.0 |
               +--------+--------+--------+--------+--------+-----+--------+

Top non-repeatable levels by time:
     D:1: 16 daAuts

Table legend:
 A = Non-vault XP
 B = Vault XP
 C = Vault XP percentage of total XP
 D = Non-vault monster count
 E = Vault monster count
 F = Vault count percentage of total count
                 A         B        C        D         E       F
            +---------+---------+-------+---------+---------+-------
      Total |       1 |       0 |   0.0 |       1 |       0 |   0.0
            +---------+---------+-------+---------+---------+-------
        D:1 |       1 |       0 |   0.0 |       1 |       0 |   0.0
            +---------+---------+-------+---------+---------+-------
